 Dungeon Crawl Stone Soup version 0.30-a0-172-gc5509c9e31 (webtiles) character file.

Game seed: 7276949849085080079

48 qw the Chopper (level 3, -4/23 HPs)
             Began as a Gargoyle Fighter on Oct 1, 2022.
             Slain by a gnoll
             ... wielding a +0 flail
              (10 damage)
             ... on level 2 of the Dungeon.
             The game lasted 00:00:26 (725 turns).

qw the Chopper (Gargoyle Fighter)                    Turns: 725, Time: 00:00:26

Health: -4/23      AC: 10    Str: 21    XL:     3   Next: 72%
Magic:  3/3        EV:  9    Int:  8    God:
Gold:   54         SH:  4    Dex:  9    Spells: 2/2 levels left

rFire   . . .      SeeInvis .    i - +2 war axe (vamp)
rCold   . . .      Faith    .    c - +0 buckler
rNeg    + . .      Spirit   .    b - +0 scale mail
rPois   inf        Reflect  .    (no helmet)
rElec   +          Harm     .    (no cloak)
rCorr   .          Rampage  .    (no gloves)
Will    .....                    (no boots)
Stlth   ..........               (no amulet)
HPRegen 0.23/turn                (no ring)
MPRegen 0.08/turn                (no ring)

@: no status effects
A: sickness immunity, AC +3, negative energy resistance 1, electricity
resistance, torment resistance 1, petrification resistance
a: no special abilities


You were on level 2 of the Dungeon.
You visited 1 branch of the dungeon, and saw 2 of its levels.

You collected 54 gold pieces.


Innate Abilities, Weirdness & Mutations

You are immune to sickness and miasma.
Your stone body is resilient. (AC +3)
You are immune to poison.
You resist negative energy. (rN+)
You are resistant to electric shocks. (rElec)
You are resistant to unholy torment.
You are immune to petrification.


   Skills:
 - Level 3.2 Fighting
 + Level 3.6 Axes
 - Level 3.2 Armour
 - Level 3.2 Shields


You had 2 spell levels left.
You didn't know any spells.
Your spell library was empty.

Inventory:

Hand Weapons
 h - a +0 whip
 i - a +2 vampiric war axe (weapon)
Armour
 b - a +0 scale mail (worn)
 c - a +0 buckler (worn)
Scrolls
 e - a scroll of teleportation
Potions
 a - a potion of curing {unknown}
 d - a potion of might
 f - a potion of brilliance {unknown}

Dungeon Overview and Level Annotations

Branches:
Dungeon (2/15)

Altars:


Message History

You kill the endoplasm!
You start resting.
HP restored.
713 ||| READING scroll labelled VAXIUSSEDIH.
As you read the scroll labelled VAXIUSSEDIH, it crumbles to dust.
It is a scroll of identify.
Really abort (and waste the scroll)?
(D) Dungeon
Where to? (* - list waypoints, ? - help)
What level of the Dungeon? (default 1, ? - help) Sorry, I don't know how to get there.
You see here a +0 short sword.
e - a scroll of teleportation You see here a rat corpse.
Found an escape hatch in the ceiling.
A gnoll comes into view. It is wielding a +0 club.
The gnoll shouts!
You hear a shout!
The gnoll shouts! 2 gnolls come into view.
Found a scroll labelled VYSAMI OMEALOO.
The gnoll shouts! x2
The gnoll closely misses you.
You hit the gnoll.
The gnoll is moderately wounded.
The gnoll hits you with a +0 club.
The gnoll hits you from afar with a +0 halberd!
The gnoll barely misses you. The gnoll hits you but does no damage.
You hit the gnoll.
You feel better.
The gnoll is severely wounded.
The gnoll completely misses you. The gnoll barely misses you.
The gnoll hits you but does no damage.
You slash the gnoll!
You kill the gnoll!
You barely miss the gnoll.
The gnoll hits you from afar with a +0 spear.
The gnoll hits you but does no damage.
The gnoll hits you from afar with a +0 halberd!
You barely miss the gnoll. The gnoll barely misses you.
The gnoll hits you with a +0 flail!
You die...

# . .... #. .....
##.###### .....
##...#..<##....?
..........#....
.....g.)...#
......g@...#
.....g(....#########..
#...........%)........
##...#...###########..
#########


You could see 3 gnolls.

Vanquished Creatures
  A gnoll (D:2)
  A dart slug (D:1)
  8 endoplasms
  2 giant cockroaches (D:1)
  3 goblins (D:1)
  A hobgoblin (D:1)
  3 kobolds
  2 quokkas
  3 ball pythons (D:1)
  6 bats (D:1)
  4 rats
34 creatures vanquished.

Notes
Turn   | Place    | Note
-------+----------+-------------------------------------------
     0 | D:1      | qw the Gargoyle Fighter began the quest for the Orb.
     0 | D:1      | Reached XP level 1. HP: 14/14 MP: 1/1
     0 | D:1      | 0 ||| qw: Version: 0.2-a-13-gfc7b4b4
     0 | D:1      | 0 ||| qw: Game counter: 1781
     0 | D:1      | 0 ||| qw: Always use a shield: true
     0 | D:1      | 0 ||| qw: God list: Okawaru
     0 | D:1      | 0 ||| qw: Allow faded altars: false
     0 | D:1      | 0 ||| qw: Do Orc after D:15 true
     0 | D:1      | 0 ||| qw: Do second Lair branch before Depths: true
     0 | D:1      | 0 ||| qw: Lair rune preference: random
     0 | D:1      | 0 ||| qw: Plans: Normal, Zot:1-4, God:TSO, Crypt, Tomb,
                  | Pan, Slime:5, Hells, Abyss, Orb
     0 | D:1      | 0 ||| PLANNING D:1-11
   123 | D:1      | Reached XP level 2. HP: 19/19 MP: 2/2
   314 | D:1      | 314 ||| DROPPING +0 club.
   342 | D:1      | 342 ||| Stepping ~*~*~tactically~*~*~ (stealth).
   343 | D:1      | 343 ||| Stepping ~*~*~tactically~*~*~ (stealth).
   429 | D:1      | Reached skill level 3 in Axes
   500 | D:1      | Reached XP level 3. HP: 23/23 MP: 3/3
   621 | D:1      | 621 ||| SWAPPING to +2 vampiric war axe.
   622 | D:1      | 622 ||| DROPPING +0 war axe.
   680 | D:1      | You fall into a shaft and drop 1 floor!
   681 | D:2      | 681 ||| READING scroll labelled HAELLA HOPH.
   693 | D:2      | 693 ||| Stepping ~*~*~tactically~*~*~ (stealth).
   713 | D:2      | 713 ||| READING scroll labelled VAXIUSSEDIH.
   725 | D:2      | Slain by a gnoll

Levels and vault maps discovered:
D:1:      scummos_arrival_gate, layout_basic, minmay_indecisive_spiral
D:2:      layout_rooms, uniq_terence, uniq_robin

Skill      XL: |  1  2 |
---------------+-------+-----
Axes           | 2 3 |  3.6
Fighting       | |  3.2
Armour         | |  3.2
Shields        | |  3.2

Action                   || total
-------------------------++-------
Melee: War axe           ||    81
  Use: Scroll            ||     2
Armor: Scale mail        ||    39
Dodge: Dodged            ||    47
Block: Buckler           ||    13

Table legend:
 A = Non-vault XP
 B = Vault XP
 C = Vault XP percentage of total XP
 D = Non-vault monster count
 E = Vault monster count
 F = Vault count percentage of total count
                 A         B        C        D         E       F
            +---------+---------+-------+---------+---------+-------
      Total |      61 |       8 |  11.6 |      30 |       4 |  11.8
            +---------+---------+-------+---------+---------+-------
        D:1 |      40 |       8 |  16.7 |      24 |       4 |  14.3
        D:2 |      21 |       0 |   0.0 |       6 |       0 |   0.0
            +---------+---------+-------+---------+---------+-------
